Map: Jagannatha LE

Players

Duke

  • Race: Protoss Protoss
  • League: Diamond
  • Spawn Location: 1:00

A.I. 1 (Very Easy) - Winner!

  • Race: Protoss Protoss
  • Spawn Location: 7:00

VOD

Have the link to the VOD?

Description

Time

  • Played on: Jan. 23, 2021, 4:57 p.m.
  • Length: 7:29
Show
View Real Time Build Order
Export as new Build Order

Duke Protoss 

Build Orders:  

Get SALT Encoding   

  12  0:00  Probe  
  13  0:12  Probe  
  14  0:17  Pylon  
  14  0:24  Probe  
  15  0:35  Gateway  
  15  0:37  Probe (Chrono Boost)  
  16  0:43  Assimilator  
  16  0:47  Probe (Chrono Boost)  
  17  0:53  Assimilator  
  17  0:55  Probe  
  18  1:07  Probe  
  19  1:11  Gateway  
  19  1:19  Probe  
  19  1:25  Cybernetics Core  
  20  1:31  Probe  
  21  1:36  Pylon  
  21  1:43  Probe  
  22  1:58  Stalker (Chrono Boost)  
  22  2:00  Stalker (Chrono Boost)  
  26  2:09  Warp Gate  
  26  2:21  Stalker x2  
  28  2:26  Pylon  
  30  2:51  Stalker x2  
  34  3:03  Nexus  
  34  3:08  Shield Battery  
  34  3:16  Shield Battery  
  34  3:22  Sentry  
  34  3:26  Stalker  
  38  3:32  Pylon  
  38  3:36  Probe  
  39  3:49  Robotics Facility  
  39  3:50  Probe  
  41  4:02  Probe  
  41  4:10  Stalker  
  41  4:11  Stalker  
  41  4:15  Probe x2  
  47  4:27  Probe x2  
  49  4:35  Warp Prism  
  51  4:39  Probe x2  
  51  4:44  Robotics Bay  
  53  4:51  Probe x2  
  55  4:54  Assimilator  
  55  4:56  Pylon  
  55  5:03  Probe x2  
  57  5:09  Immortal (Chrono Boost)  
  61  5:15  Probe  
  61  5:17  Probe  
  61  5:21  Assimilator  
  63  5:25  Pylon  
  63  5:27  Probe  
  64  5:29  Probe  
  65  5:38  Disruptor (Chrono Boost), Gateway  
  65  5:39  Probe  
  69  5:45  Gateway  
  69  5:49  Gateway  
  69  5:54  Gateway  
  69  6:01  Disruptor (Chrono Boost)  
  72  6:04  Stalker  
  72  6:08  Stalker  
  76  6:12  Pylon  
  76  6:16  Pylon  
  76  6:23  Warp Prism (Chrono Boost)  
  78  6:48  Stalker x3  
  78  6:49  Stalker x2  
  78  6:50  Stalker  
  78  6:53  Pylon  
  90  7:19  Stalker x5  
  90  7:20  Stalker  
  102  7:24  Pylon  
  102  7:26  Pylon  
Show
View Real Time Build Order
Export as new Build Order

A.I. 1 (Very Easy) Protoss - Winner!

Build Orders:  

Get SALT Encoding   

  12  0:00  Probe  
  13  0:13  Probe  
  14  0:21  Pylon  
  14  0:37  Assimilator  
  14  0:43  Gateway  
  14  0:46  Pylon  
  14  1:14  Assimilator  
  14  1:18  Probe  
  15  1:26  Probe  
  16  1:33  Cybernetics Core  
  16  1:34  Probe  
  17  1:44  Probe  
  18  1:56  Probe  
  18  1:59  Warp Gate  
  19  2:04  Probe  
  20  2:11  Stalker  
  22  5:43  Zealot  
  22  5:44  Pylon  
  22  5:45  Probe  
  22  5:47  Robotics Facility  
  25  5:53  Probe  
  25  6:01  Probe  
  26  6:10  Probe  
  27  6:18  Probe, Pylon  
  27  6:27  Probe  
  28  6:35  Observer  
  28  6:37  Zealot  
  31  6:56  Observer  
  32  7:09  Nexus  
  32  7:12  Zealot  
  34  7:16  Pylon  
Tags
 
League
Diamond
Matchup
PvP
Spawn Locations
Cross Positions
Add a new tag
Caveats
  • Supply blocks, unpowered buildings, or Contaminate may cause inaccurate times.
  • Supply counts are checked every 10 seconds.